 Dungeon Crawl Stone Soup version 0.27.1-34-g3ba077fa99 (webtiles) character file.

Game seed: 15236060167410120961

400 cbfl8 the Sneak (level 6, -5/53 HPs)
             Began as a Minotaur Delver on Jan 20, 2022.
             Slain by Edmund (8 damage)
             ... on level 4 of the Dungeon.
             The game lasted 00:09:34 (4666 turns).

cbfl8 the Sneak (Minotaur Delver)                   Turns: 4666, Time: 00:09:34

Health: -5/53      AC: 10    Str: 17    XL:     6   Next: 54%
Magic:  5/5        EV:  7    Int:  9    God:
Gold:   92         SH:  0    Dex: 11    Spells: 5/5 levels left

rFire    . . .     SeeInvis .   d - +0 flail (holy)
rCold    . . .     Faith    .   (no shield)
rNeg     . . .     Spirit   .   k - +0 chain mail
rPois    .         Reflect  .   (helmet restricted)
rElec    .         Harm     .   (no cloak)
rCorr    .         Rampage  .   (no gloves)
Will     .....                  h - +0 pair of boots
Stlth    ..........             (no amulet)
HPRegen  0.17/turn              (no ring)
MPRegen  0.09/turn              (no ring)

@: no status effects
A: horns 2, retaliatory headbutt
a: no special abilities


You were on level 4 of the Dungeon.
You visited 2 branches of the dungeon, and saw 6 of its levels.

You collected 92 gold pieces.

Inventory:

Hand Weapons
 a - a +0 hand axe
 d - a +0 flail of holy wrath (weapon)
 s - a +0 dagger
Missiles
 q - 37 arrows
Armour
 b - a +0 leather armour
 f - a +0 ring mail
 h - a +0 pair of boots (worn)
 k - a +0 chain mail (worn)
Wands
 g - a wand of digging (3)
 n - a wand of iceblast (22)
Scrolls
 c - a scroll of fog
 e - a scroll of fear
 i - a scroll of amnesia {unknown}
 j - 2 scrolls of teleportation {unknown}
 m - a scroll of blinking {unknown}
 o - a scroll of noise {unknown}
 w - a scroll of identify {unknown}
 x - 2 scrolls of magic mapping
 y - a scroll of enchant armour {unknown}
Potions
 l - 3 potions of attraction
 p - 2 potions of curing {unknown}
 r - 2 potions of degeneration {unknown}
 t - a potion of haste
 u - 2 potions of brilliance {unknown}
 v - a potion of cancellation {unknown}
 z - a potion of resistance
 A - a potion of ambrosia {unknown}


   Skills:
 + Level 4.7 Fighting
 + Level 3.8(4.3) Axes
 + Level 2.7(3.7) Maces & Flails
 + Level 3.5 Armour
 + Level 2.8 Dodging
 + Level 5.3 Stealth


You had 5 spell levels left.
You didn't know any spells.
Your spell library was empty.

Dungeon Overview and Level Annotations

Branches:
Dungeon (5/15)             Temple (1/1) D:4

Altars:
Ashenzari
Cheibriados
Elyvilon
Fedhas
Gozag
Nemelex Xobeh
Okawaru
Qazlal
Ru
Sif Muna
Trog
Vehumet
Wu Jian
Xom

Shops:
D:3 (=(

Annotations:
D:2 1 runed translucent door, Crazy Yiuf
D:4 Edmund


Innate Abilities, Weirdness & Mutations

You have a pair of horns on your head.
You reflexively headbutt those who attack you in melee.


Message History

The ogre is moderately wounded.
The ogre hits you with a +0 giant club!!
You sock the ogre! You headbutt the ogre!
The ogre is almost dead.
The ogre hits you with a +0 giant club!
* * * LOW HITPOINT WARNING * * *
You sock the ogre!
You kill the ogre!
Things that are here:
a +0 giant club; an ogre corpse You start resting.
You start resting.
HP restored.
A goblin comes into view. It is wielding a +0 club.
The goblin moves out of view.
Found an escape hatch in the floor.
Edmund the Younger comes into view.
He is wielding a +4 vorpal dire flail.
Found a blossoming altar of Fedhas.
You hit the goblin.
The goblin is severely wounded.
The goblin hits you with a +0 club.
You miss the goblin.
The goblin is severely wounded.
Edmund hits you with a +4 vorpal dire flail!
The goblin hits you but does no damage.
You hit the goblin.
You kill the goblin!
Edmund hits you but does no damage.
Edmund hits you with a +4 vorpal dire flail.
Items here: $ )) ? †.
Edmund hits you with a +4 vorpal dire flail!
Edmund says, "You wouldn't believe how much I paid for this flail."
Edmund hits you with a +4 vorpal dire flail!
* * * LOW HITPOINT WARNING * * *
x2 You closely miss Edmund.
Your headbutt misses Edmund.
Edmund hits you with a +4 vorpal dire flail!
* * * LOW HITPOINT WARNING * * *
x2 You barely miss Edmund.
Edmund hits you with a +4 vorpal dire flail!
You die...

≈≈≈≈..###.# .≈≈
≈≈≈≈≈..#...### .≈≈≈
≈≈≈≈≈≈.......# # .≈≈≈
.≈≈≈≈.......# # .≈≈≈≈
P♣♣≈≈≈≈..##..#####
##.≈≈≈≈
_P>≈≈≈≈.#.#......####
...≈≈≈≈
.♣P≈≈≈≈.#.#.........#
....≈≈≈
P.≈≈≈≈.@)...####.##.#
....≈≈≈ ≈≈≈≈≈≈.@..###
#.##.# ##...≈≈
≈≈≈≈≈..##.# #)##.#
##.#..≈ ≈≈≈≈... #.#
#.##.# ...# . ≈≈...##
..# #.##.## ...###..
..... ### #.##..#
.......# ..## #.###.#
...##### .. #.# #.#
...# #.# #.# ...# #.#
#.# #.# #.#


You could see Edmund.

Vanquished Creatures
  An ogre (D:4)
  2 hounds
  A centaur skeleton (D:5)
  An orc priest (D:4)
  An orc wizard (D:4)
  3 gnolls (D:4)
  5 adders
  An adder skeleton (D:4)
  4 dart slugs
  6 orcs
  6 bats
  6 endoplasms
  2 giant cockroaches (D:1)
  7 hobgoblins
  6 jackals
  8 kobolds
  7 quokkas
  7 ball pythons
  5 frilled lizards
  8 goblins
  3 rats
90 creatures vanquished.

Vanquished Creatures (others)
  4 plants
4 creatures vanquished.

Grand Total: 94 creatures vanquished

Notes
Turn   | Place    | Note
-------+----------+-------------------------------------------
     0 | D:5      | cbfl8 the Minotaur Delver began the quest for the Orb.
     0 | D:5      | Reached XP level 1. HP: 19/19 MP: 0/0
     8 | D:5      | Noticed a hound
    17 | D:5      | Reached XP level 2. HP: 12/27 MP: 1/1
    17 | D:5      | Reached XP level 3. HP: 15/33 MP: 2/2
    56 | D:5      | Noticed a shadow
    79 | D:4      | Reached XP level 4. HP: 15/40 MP: 3/3
   125 | D:4      | Found a staircase to the Ecumenical Temple.
   137 | Temple   | Entered the Ecumenical Temple
   536 | D:4      | Reached skill level 1 in Armour
   592 | D:4      | Reached skill level 5 in Stealth
   608 | D:4      | Reached XP level 5. HP: 11/47 MP: 4/4
   863 | D:3      | Found Konnih's Antique Weapon Boutique.
   969 | D:3      | Found a snail-covered altar of Cheibriados.
  1012 | D:3      | Found Asiqomec's Jewellery Shop.
  1117 | D:3      | Found a faded altar of an unknown god.
  1533 | D:1      | Reached skill level 1 in Maces & Flails
  3146 | D:2      | Found a runed translucent door.
  3147 | D:2      | Noticed Crazy Yiuf
  3694 | D:3      | Found Zotocaun's Weapon Shoppe.
  3923 | D:4      | Reached XP level 6. HP: 52/53 MP: 5/5
  4121 | D:4      | Found an ornate altar of the Wu Jian Council.
  4657 | D:4      | Noticed Edmund
  4658 | D:4      | Found a blossoming altar of Fedhas.
  4666 | D:4      | Slain by Edmund

Illustrated notes

Levels and vault maps discovered:
D:1:      lightli_arrival_isolated_outpost, layout_basic
D:2:      layout_basic, minmay_hexomino_u4, uniq_crazy_yiuf_cottage
D:3:      layout_loops_ring, cheibriados_altar_1, serial_shops,
          nicolae_shop_temple_entry_statues_fountains, shop,
          nicolae_shop_crystal, basic_ecumenical_altar,
          minmay_misc_feat_four_crosses, serial_park_tiny_1
D:4:      layout_loops_ring, nzn_wu_jian_contemplation, fedhas_ov_isle_minmay,
          minmay_temple_entry_antechambers, uniq_edmund, uniq_natasha
D:5:      layout_layer_cave, gammafunk_temple_overflow_statue,
          mainiacjoe_overflow_chevrons, minmay_misc_feat_alley,
          corexii_corridor_pit, uniq_pikel
Temple:   chequers_temple_sunken

Skill      XL: |  1  2  3  4  5  6 |
---------------+-------------------+-----
Fighting       | 4 |  4.7
Axes           | 3 |  3.8
Armour         | 1 2 3 |  3.5
Stealth        | 5 |  5.3
Maces & Flails | 1 2 |  2.7
Dodging        | |  2.8

Action                   |  1- 3 |  4- 6 || total
-------------------------+-------+-------++-------
Melee: Hand axe          |    14 |    28 ||    42
       Headbutt          |     2 |    34 ||    36
       Flail             |       |   178 ||   178
  Use: Scroll            |     1 |       ||     1
       Potion            |       |     2 ||     2
 Stab: Sleeping          |     1 |     3 ||     4
       Distracted        |       |     1 ||     1
Armor: Leather armour    |     9 |     3 ||    12
       Ring mail         |       |     8 ||     8
       Chain mail        |       |   175 ||   175
Dodge: Dodged            |    22 |   135 ||   157
